 Dungeon Crawl Stone Soup version 0.31-a0-210-gccc998df9b (webtiles) character file.

Game seed: 10255661561286451054

1789 innerfire43 the Cudgeller (level 8, 0/65 HPs)
             Began as a Demonspawn Monk on June 29, 2023.
             Was an Elder of Makhleb.
             Engulfed by a cloud of flame (6 damage)
             ... on level 6 of the Dungeon.
             The game lasted 00:06:25 (4195 turns).

innerfire43 the Cudgeller (Demonspawn Monk)         Turns: 4195, Time: 00:06:26

Health: 0/65       AC: 13    Str: 14    XL:     8   Next: 82%
Magic:  0/8        EV: 14    Int: 16    God:    Makhleb [****..]
Gold:   160        SH:  0    Dex: 21    Spells: 7/7 levels left

rFire   + + .        e - +3 whip (vamp)
rCold   + . .        d - orb {light}
rNeg    . . .        z - +5 ring mail of the Bulwark {+Blink rF++ Int+2}
rPois   .            (no helmet)
rElec   .            p - +1 cloak
rCorr   .            t - +0 pair of gloves
SInv    .            (no boots)
Will    .....        (no amulet)
Stlth   +            y - ring of protection from cold
HPRegen 0.30/turn    F - +6 ring of dexterity
MPRegen 0.22/turn

%: guardian spirit
@: weak-willed, glowing
A: hooves 1, magic shield, magic regeneration, magic link, big brain 1, demonic
magic 1
a: Renounce Religion, Evoke Blink, Minor Destruction, Lesser Servant of Makhleb,
Major Destruction


You were on level 6 of the Dungeon.
You worshipped Makhleb.
Makhleb was greatly pleased with you.
You visited 1 branch of the dungeon, and saw 6 of its levels.

You collected 160 gold pieces.

Inventory:

Hand Weapons
 a - a +0 hand axe
 e - a +3 vampiric whip (weapon)
 v - a +3 quarterstaff of chaos
 D - a +2 dagger of protection
Armour
 b - a +0 robe
 d - an orb of light (worn)
 i - an orb of mayhem
 k - a scarf of shadows
 p - a +1 cloak (worn)
 t - a +0 pair of gloves (worn)
 u - a +0 kite shield
 z - the +5 ring mail of the Bulwark (worn) {+Blink rF++ Int+2}
   (You found it on level 4 of the Dungeon)

   Int:       It affects your intelligence (+2).
   rF:        It greatly protects you from fire.
   +Blink:    It lets you blink.
Jewellery
 s - a ring of positive energy
 y - a ring of protection from cold (left hand)
 F - a +6 ring of dexterity (right hand)
Wands
 x - a wand of roots (7)
 H - a wand of charming (16)
 I - a wand of flame (13)
Scrolls
 h - a scroll of torment
 w - a scroll of poison
 G - a scroll of identify
Potions
 c - a potion of mutation {unknown}
 f - 2 potions of berserk rage {unknown}
 g - 2 potions of haste {unknown}
 n - 2 potions of curing {unknown}
 o - a potion of cancellation {unknown}
 q - 2 potions of heal wounds {unknown}
 r - a potion of degeneration {unknown}
 A - a potion of invisibility {unknown}
 B - a potion of attraction {unknown}
 C - a potion of might {unknown}


   Skills:
 + Level 6.4 Fighting
 - Level 3.0(5.4) Axes
 * Level 7.1(7.5) Maces & Flails
 + Level 5.8 Dodging


You had 7 spell levels left.
You didn't know any spells.
Your spell library contained the following spells:

 Spells                   Type           Power      Damage    Failure   Level
 Hailstorm                Conj/Ice       0%         3d3       83%         3
 Ice Form                 Ice/Tmut       0%         N/A       99%         4
 Simulacrum               Ice/Necr       0%         N/A       100%        6


Dungeon Overview and Level Annotations

Branches:
Dungeon (6/15)
 Temple: D:4-7

Altars:
Makhleb
Vehumet

Shops:
D:1 (   D:3 (   D:5 :

Portals:
Sewer: D:4


Innate Abilities, Weirdness & Mutations

You have large cloven feet.
When hurt, damage is shared between your health and your magic reserves.
You regenerate magic rapidly.
When low on magic, you restore magic in place of health.
You have an unusually large brain. (Int +2)
Spells you cast may paralyse adjacent enemies.


Message History

Your black bear looks even sicker.
Flame seeps out of your black bear.
Your iguana is engulfed in poison gas.
Your iguana looks even sicker.
Flame seeps out of your iguana.
As you read the scroll labelled KUUN CUIBB, it crumbles to dust.
It is a scroll of enchant weapon.
Your +2 vampiric whip glows red for a moment.
Flame seeps out of your black bear.
Your black bear is engulfed in poison gas.
Your black bear looks even sicker.
Flame seeps out of your black bear.
Your iguana is engulfed in poison gas.
Your iguana looks even sicker.
Flame seeps out of your iguana. Flame seeps out of your iguana.
Flame seeps out of your black bear.
Your black bear is engulfed in poison gas.
Your black bear looks as sick as possible!
Your black bear's corpse dissolves into shadows!
Your black bear explodes!
The fiery explosion engulfs your iguana!!
Your iguana's corpse dissolves into shadows!
The fiery explosion engulfs you! You resist.
Your iguana explodes!
The fiery explosion engulfs you. You resist.
You're standing in a cloud of flame!
Unknown command.
Unknown command.
You are engulfed in blazing flames.
You resist.
You are engulfed in blazing flames.
You resist.
You are engulfed in blazing flames.
You resist.
You are engulfed in blazing flames.
You resist.
You are engulfed in blazing flames.
You resist.
* * * LOW HITPOINT WARNING * * *
You are engulfed in blazing flames.
You resist.
* * * LOW HITPOINT WARNING * * *
You are engulfed in blazing flames.
You resist.
* * * LOW HITPOINT WARNING * * *
You are engulfed in blazing flames.
You resist.
* * * LOW HITPOINT WARNING * * *
You are engulfed in blazing flames.
You resist.
You die...

......##.###..####
#.#......... .... #.
#.......... ... #..
#.....##..# ..
.###..##.○)..##.○# .#
.........°.○.##.)###.##
.........○...##.))....#
.........°...○○.○###.....#
.###...#..#..#..@## ......#
.....#.#.....+...○#.......#
.....#....#.##○..○........#
.###..............##......#
.##.......#○##..#.##......#
.........°○..○.○..........#
.....##.....#†°○#... .
###.........○..○#..# #
##.###.>........


There were no monsters in sight!

Vanquished Creatures
  A shadow (D:6)
  A steam dragon (D:5)
  A water moccasin (D:5)
  An ice beast (D:5)
  A black bear (D:6)
  2 sky beasts (D:6)
  7 scorpions
  3 vampire bats (D:6)
  A crimson imp (D:3)
  A gnoll bouda (D:6)
  An orc priest (D:5)
  Crazy Yiuf (D:3)
  2 hounds
  An iguana (D:6)
  Natasha (thrice) (D:4)
  An orc wizard (D:4)
  5 gnolls (D:6)
  5 adders
  2 shadow imps
  An ufetubus (D:6)
  A worm (D:4)
  2 dart slugs
  7 orcs
  5 ball pythons
  8 endoplasms
  4 giant cockroaches
  6 goblins
  7 hobgoblins
  4 jackals (D:1)
  5 quokkas
  11 bats
  2 frilled lizards
  12 kobolds
  3 rats
118 creatures vanquished.

Vanquished Creatures (others)
  An orc priest (D:5)
  A white imp (D:5)
  4 orcs (D:5)
6 creatures vanquished.

Grand Total: 124 creatures vanquished

Notes
Turn   | Place    | Note
-------+----------+-------------------------------------------
     0 | D:1      | innerfire43 the Demonspawn Monk began the quest for the
                  | Orb.
     0 | D:1      | Reached XP level 1. HP: 18/18 MP: 1/1
   137 | D:1      | Gained mutation: You regenerate magic rapidly. [demonic
                  | ancestry]
   137 | D:1      | Reached XP level 2. HP: 18/24 MP: 2/2
   259 | D:1      | Found a faded altar of an unknown god.
   336 | D:1      | Prayed at the altar of an unknown god.
   336 | D:1      | Became a worshipper of Makhleb the Destroyer
   336 | D:1      | Reached * piety under Makhleb
   336 | D:1      | Reached ** piety under Makhleb
   564 | D:1      | Found Qybe's Weapon Shop.
   642 | D:1      | Reached *** piety under Makhleb
   643 | D:1      | Reached skill level 1 in Maces & Flails
   710 | D:1      | Gained mutation: When hurt, damage is shared between your
                  | health and your magic reserves. [demonic ancestry]
   710 | D:1      | Reached XP level 3. HP: 29/29 MP: 3/3
  1680 | D:3      | Gained mutation: Spells you cast may paralyse adjacent
                  | enemies. [demonic ancestry]
  1680 | D:3      | Reached XP level 4. HP: 35/35 MP: 4/4
  1754 | D:3      | Found Teimelo's Weapon Shop.
  1958 | D:3      | Found a runed translucent door.
  1959 | D:3      | Noticed Crazy Yiuf
  1971 | D:3      | Killed Crazy Yiuf
  1972 | D:3      | Reached skill level 2 in Maces & Flails
  2127 | D:3      | Found a burning altar of Makhleb.
  2127 | D:3      | Found a radiant altar of Vehumet.
  2140 | D:3      | Gained mutation: You have an unusually large brain. (Int
                  | +2) [demonic ancestry]
  2140 | D:3      | Reached XP level 5. HP: 36/42 MP: 3/5
  2291 | D:4      | Noticed Natasha
  2303 | D:4      | Killed Natasha
  2351 | D:4      | Noticed Natasha
  2377 | D:4      | Reached skill level 3 in Maces & Flails
  2380 | D:4      | Killed Natasha
  2397 | D:4      | Noticed Natasha
  2400 | D:4      | Gained mutation: You have large cloven feet. [demonic
                  | ancestry]
  2400 | D:4      | Reached XP level 6. HP: 39/48 MP: 6/6
  2406 | D:4      | Killed Natasha
  2423 | D:4      | Identified the +5 ring mail of the Bulwark {+Blink rF++
                  | Int+2}
  2480 | D:4      | Reached **** piety under Makhleb
  2674 | D:4      | Found a glowing drain.
  2834 | D:5      | Entered Level 5 of the Dungeon
  2843 | D:5      | Noticed an ice beast
  2861 | D:5      | Killed an ice beast
  2862 | D:5      | Reached skill level 4 in Maces & Flails
  2891 | D:5      | Noticed a steam dragon
  2916 | D:5      | Killed a steam dragon
  2917 | D:5      | Gained mutation: When low on magic, you restore magic in
                  | place of health. [demonic ancestry]
  2917 | D:5      | Reached XP level 7. HP: 28/55 MP: 1/7
  3067 | D:5      | Found Daczof's Book Boutique.
  3167 | D:5      | Reached skill level 5 in Fighting
  3241 | D:5      | Reached skill level 5 in Maces & Flails
  3720 | D:6      | Noticed a shadow
  3746 | D:6      | Killed a shadow
  3747 | D:6      | Reached skill level 5 in Dodging
  3747 | D:6      | Reached XP level 8. HP: 63/63 MP: 8/8
  3773 | D:6      | Reached skill level 6 in Maces & Flails
  4033 | D:6      | Reached skill level 7 in Maces & Flails
  4195 | D:6      | Engulfed by a cloud of flame

Illustrated notes

Levels and vault maps discovered:
D:1:      lightli_iron_boxes, layout_basic, serial_shops,
          nicolae_shop_bloodbath_and_beyond, shapermc_ecumenical_altar_pompeii
D:2:      layout_basic, chequers_big_river
D:3:      layout_rooms, grunt_temple_overflow_lords_of_destruction,
          serial_shops, shop, uniq_crazy_yiuf_cottage
D:4:      layout_rooms, portal_sewer_entry_f, uniq_natasha
D:5:      layout_loops_cross, serial_shops, shop
D:6:      layout_basic, roderic_batcave

Skill      XL: |  1  2  3  4  5  6  7  8 |
---------------+-------------------------+-----
Axes           | 3 |  3.0
Dodging        | 3 4 5 |  5.8
Maces & Flails | 1 2 3 4 5 7 |  7.1
Fighting       | 4 5 6 |  6.4

Action                     |  1- 3 |  4- 6 |  7- 9 || total
---------------------------+-------+-------+-------++-------
  Melee: Hand axe          |    21 |       |       ||    21
         Whip              |   105 |   173 |   238 ||   516
         Kick              |       |    35 |    97 ||   132
    Use: Potion            |       |     1 |       ||     1
         Scroll            |       |       |     8 ||     8
 Armour: Robe              |    23 |    26 |       ||    49
         Ring mail         |       |    32 |    95 ||   127
  Dodge: Dodged            |    81 |   113 |   171 ||   365

Table legend: (Time is in decaauts)
 A = Elapsed time spent in this place.
 B = Non-inter-level travel time spent in this place.
 C = Inter-level travel time spent in this place.
 D = Time resting spent in this place.
 E = Time spent auto-exploring this place.
 F = Levels seen in this place.
 G = Mean time per level.
                   A        B        C        D        E       F      G
               +--------+--------+--------+--------+--------+-----+--------+
         Total |   4152 |   4012 |    140 |      0 |   3061 |   6 |  692.0 |
       Dungeon |   4152 |   4012 |    140 |      0 |   3061 |   6 |  692.0 |
               +--------+--------+--------+--------+--------+-----+--------+

Top non-repeatable levels by time:
     D:1: 976 daAuts
     D:5: 868 daAuts
     D:2: 669 daAuts
     D:4: 604 daAuts
     D:3: 599 daAuts
     D:6: 434 daAuts
